 Dungeon Crawl Stone Soup version 0.31-a0-486-g8d68a81214 (webtiles) character file.

Game seed: 4133419647880545567

25119 Xavori the Covert (level 13, -10/115 HPs)
             Began as an Octopode Chaos Knight on Aug 7, 2023.
             Was a Plaything of Xom.
             Mangled by a catoblepas (28 damage)
             ... on level 4 of the Lair of Beasts.
             The game lasted 00:23:01 (20687 turns).

Xavori the Covert (Octopode Chaos Knight)          Turns: 20687, Time: 00:23:01

Health: -10/115    AC:  1    Str: 23      XL:     13   Next: 17%
Magic:  22/22      EV: 18    Int: 19      God:    Xom [..*...]
Gold:   1168       SH: 15    Dex: 19 (20) Spells: 12/12 levels left

rFire   + . .        I - +3 short sword (speed)
rCold   + . .        p - +3 kite shield
rNeg    . . .        z - +0 mask of the Dragon {Will+ Slay+3 SInv}
rPois   +            (no amulet)
rElec   .            n - ring of poison resistance
rCorr   .            v - +6 ring of strength
SInv    +            E - +6 ring of strength
Will    ++++.        K - +6 ring of dexterity
Stlth   +++++++      H - ring of magical power
HPRegen 1.19/turn    F - ring of willpower
MPRegen 0.18/turn    L - ring of ice
                     O - ring of flight

%: no passive effects
@: flying
A: almost no armour, amphibious, 8 rings, camouflage 1, gelatinous body 1,
(nimble swimmer 1), tentacles, antennae 1, tentacle spike 2, clever 1,
deterioration 1, fire resistance 2, strong-willed 2, poison resistance,
regeneration 1, robust 3, subdued magic 1, MP-powered wands
a: Renounce Religion


You were on level 4 of the Lair of Beasts.
You worshipped Xom.
You were a toy of Xom.
You visited 2 branches of the dungeon, and saw 14 of its levels.
You also visited: Ossuary and Gauntlet.

You collected 1168 gold pieces.

Inventory:

Hand Weapons
 a - a +0 short sword of chaos
 h - a +1 short sword of venom
 B - a +4 dagger of freezing
 I - a +3 short sword of speed (weapon)
Missiles
 u - 4 throwing nets
Armour
 g - a +0 buckler
 m - a +2 hat
 p - a +3 kite shield (worn)
 z - the +0 mask of the Dragon (worn) {Will+ Slay+3 SInv}
   (You acquired it on level 3 of the Lair of Beasts)

   Slay:      It affects your accuracy & damage with ranged weapons and melee
   (+3).
   SInv:      It lets you see invisible.
   Will:      It increases your willpower.
Jewellery
 n - a ring of poison resistance (left tentacle)
 v - a +6 ring of strength (right tentacle)
 E - a +6 ring of strength (on tentacle)
 F - a ring of willpower (on tentacle)
 H - a ring of magical power (on tentacle)
 J - a ring of protection from fire
 K - a +6 ring of dexterity (on tentacle)
 L - a ring of ice (on tentacle)
 O - a ring of flight (on tentacle)
Talismans
 P - a maw talisman
Wands
 l - a wand of flame (43)
 t - a wand of paralysis (14)
 y - a wand of light (18)
 M - a wand of polymorph (5)
Scrolls
 b - a scroll of butterflies
 d - a scroll of fog
 f - 4 scrolls of vulnerability
 j - a scroll of enchant armour
 k - 2 scrolls of blinking
 o - 4 scrolls of revelation
 r - 4 scrolls of teleportation
 x - 8 scrolls of identify
 Q - a scroll of fear
Potions
 c - 3 potions of curing
 e - 4 potions of lignification
 i - a potion of magic
 q - 3 potions of mutation
 s - 5 potions of attraction
 w - 3 potions of brilliance
 A - a potion of ambrosia
 C - 2 potions of might
 D - a potion of resistance
 G - 4 potions of haste
Miscellaneous
 N - a tin of tremorstones (2/2)


   Skills:
 + Level 8.7 Fighting
 + Level 10.5 Short Blades
 + Level 9.0 Dodging
 - Level 13.9 Stealth
 + Level 8.8 Shields
 + Level 7.9 Evocations
 * Level 3.3 Shapeshifting


You had 12 spell levels left.
You didn't know any spells.
Your spell library contained the following spells:

 Spells                   Type           Power      Damage    Failure   Level
 Sting                    Tmut/Pois      0%         1d3       32%         1
 Summon Small Mammal      Summ           0%         N/A       32%         1
 Poisonous Vapours        Pois/Air       0%         N/A       45%         2
 Scorch                   Fire           0%         2d5       45%         2
 Call Canine Familiar     Summ           0%         N/A       71%         3
 Inner Flame              Hex/Fire       0%         N/A       71%         3
 Summon Guardian Golem    Hex/Summ       0%         N/A       71%         3
 Volatile Blastmotes      Fire/Tloc      0%         2d10      71%         3
 Flame Wave               Conj/Fire      0%         2d4       98%         4
 Fulminant Prism          Conj/Hex       0%         3d5       98%         4
 Iskenderun's Mystic Bla  Conj/Tloc      0%         2d3       98%         4
 Olgreb's Toxic Radiance  Pois           0%         N/A       98%         4
 Sticky Flame             Conj/Fire      0%         2d3       98%         4
 Summon Cactus Giant      Summ           0%         N/A       100%        6
 Orb of Destruction       Conj           0%         9d5       100%        7
 Spellforged Servitor     Conj/Summ      0%         N/A       100%        7


Dungeon Overview and Level Annotations

Branches:
Dungeon (10/15)            Temple (0/1) D:5            Lair (4/5) D:10
  Swamp (0/4) Lair:3        Snake (0/4) Lair:2          Orc (0/2) D:10
Ossuary (visited)         Gauntlet (visited)
  Slime: Lair:4-5

Altars:
Ashenzari
Cheibriados
Dithmenos
Elyvilon
Fedhas
Gozag
Kikubaaqudgha
Makhleb
Qazlal
Trog
Uskayaw
Vehumet
Wu Jian
Xom
The Shining One

Shops:
D:2 =

Annotations:
D:3 Natasha


Innate Abilities, Weirdness & Mutations

You cannot wear most types of armour.
You are amphibious.
You can wear up to eight rings at the same time.
Your skin changes colour to match your surroundings (Stealth+).
Your rubbery body absorbs attacks. (AC +1, EV +1)
((You are camouflaged when in or above water. (Stealth+)))
You have tentacles for arms and can constrict up to eight enemies at once.
You have a pair of small antennae on your head.
One of your tentacles bears a nasty spike.
Your mind is acute. (Int +4, Str/Dex -1)
Your body sometimes deteriorates upon taking damage.
Your flesh is very heat resistant. (rF++)
You are highly strong-willed. (Will++)
Your system is resistant to poisons. (rPois)
Your natural rate of healing is unusually fast.
You are extremely robust. (+30% HP)
Your spells are a little easier to cast, but a little less powerful.
You expend magic power (3 MP) to strengthen your wands.


Message History

Unknown command.
Unknown command.
Unknown command.
The catoblepas attacks as you move away!
The catoblepas gores you!
The catoblepas breathes a plume of calcifying dust at you.
The blast of calcifying dust hits you.
Your limbs are stiffening.
Unknown command.
Unknown command.
Unknown command.
Unknown command.
You hit the catoblepas.
You pierce the catoblepas.
The catoblepas is almost dead.
You are engulfed in calcifying dust.
Your limbs have turned to stone.
You have turned to stone.
You are engulfed in calcifying dust.
The catoblepas gores you!
You are engulfed in calcifying dust.
The catoblepas gores you!!
You are engulfed in calcifying dust.
The catoblepas gores you! The catoblepas gores you. The catoblepas gores you!!
The catoblepas gores you! The catoblepas gores you!! The catoblepas gores you!
The catoblepas gores you!! The catoblepas barely misses you.
You turn to flesh and can move again.
Unknown command.
You hit the catoblepas.
You pierce the catoblepas.
The catoblepas is almost dead.
The catoblepas gores you!!
* * * LOW HITPOINT WARNING * * *
Unknown command.
You hit the catoblepas but do no damage.
You pierce the catoblepas.
You squeeze the catoblepas.
The catoblepas is almost dead.
You hit the catoblepas.
You pierce the catoblepas.
The catoblepas is almost dead.
The catoblepas gores you!!
You die...
Xom giggles madly!

#......... ###
#....Y....... ###.#
#...§........##P.#.
#...§..............
#..................
#..# #P.........
#..#### #.........
#.Y...####.........
#.@................
#..................
#...###..#.#....#.#
#...#########..####
#...#.##P..#...#P##
#..................
#..................
#..#.##..##........
#..................


You could see a catoblepas.

Vanquished Creatures
  A minotaur (Gauntlet)
  Harold (D:10)
  2 hydras (Lair:4)
  A two-headed ogre (D:8)
  A ghost crab (Lair:3)
  A fire crab (shapeshifter) (Lair:2)
  A skyshark (Lair:4)
  2 glowing orange brains (Gauntlet)
  A manticore (D:8)
  A salamander (Lair:2)
  An ugly thing (Gauntlet)
  Maurice (D:10)
  A black mamba (Lair:2)
  A torpor snail (Lair:2)
  5 cane toads
  3 rime drakes
  Maggie (D:9)
  An unseen horror (D:10)
  3 komodo dragons
  A troll (D:9)
  A spectral dream sheep (Lair:3)
  2 hornets
  A spectral black mamba (Lair:3)
  3 slime creatures
  A vampire (D:9)
  6 wyverns
  18 yaks
  2 acid dragons
  4 water moccasins
  2 black bears (D:6)
  A hornet zombie (Ossuary)
  2 sky beasts
  6 orc warriors
  3 ice beasts
  A tengu (D:10)
  9 wolves (Lair:3)
  8 ogres
  4 centaurs
  2 phantoms (D:6)
  2 kobold brigands (D:8)
  12 bullfrogs
  An elf skeleton (D:8)
  A wyvern zombie (Ossuary)
  5 gnoll sergeants
  A scorpion (D:5)
  A water moccasin zombie (Ossuary)
  12 wights
  3 killer bees (D:8)
  3 howler monkeys
  4 centaur zombies (Ossuary)
  4 lava snakes (Lair:2)
  6 bullfrog zombies (Ossuary)
  3 human zombies (D:8)
  8 jellies
  4 hounds
  An orc priest (D:7)
  4 iguanas
  2 sleepcaps (D:6)
  Terence (D:3)
  4 orc wizards
  A human skeleton (D:8)
  3 killer bee zombies (Ossuary)
  16 mummies (Ossuary)
  4 howler monkey zombies (Ossuary)
  Robin (D:4)
  11 gnolls
  6 adders
  2 shadow imps
  A white imp (Gauntlet)
  An ufetubus (D:6)
  3 worms
  4 dart slugs
  21 orcs
  5 ball pythons
  A bat zombie (D:5)
  4 endoplasms
  A giant cockroach (D:3)
  16 goblins
  9 hobgoblins
  5 quokkas
  3 bats
  A frilled lizard (D:1)
  12 kobolds
  An orc zombie (D:8)
  5 rats
  A rat zombie (D:5)
326 creatures vanquished.

Vanquished Creatures (collateral kills)
  Lodul (D:10)
  A wolf (Lair:3)
  An ogre (D:10)
  A centaur (D:10)
  Natasha (D:3)
  3 gnolls
  A ball python (D:4)
9 creatures vanquished.

Vanquished Creatures (others)
  A dancing weapon (D:10)
  A wizard (Gauntlet)
  A bullfrog (Lair:3)
  A shadow imp (Gauntlet)
4 creatures vanquished.

Grand Total: 339 creatures vanquished

Notes
Turn   | Place    | Note
-------+----------+-------------------------------------------
     0 | D:1      | Xavori the Octopode Chaos Knight began the quest for the
                  | Orb.
     0 | D:1      | Reached XP level 1. HP: 16/16 MP: 1/1
   264 | D:1      | Reached XP level 2. HP: 21/21 MP: 2/2
   923 | D:1      | XOM: divination: detect creatures
  1479 | D:1      | XOM: noise
  1560 | D:1      | XOM: noise
  2600 | D:1      | XOM: noise
  2614 | D:1      | XOM: give mutation
  2614 | D:1      | Gained mutation: You have a pair of small antennae on your
                  | head. [Xom's mischief]
  2967 | D:1      | XOM: silly message
  3093 | D:1      | XOM: silly message
  3391 | D:1      | XOM is BORED!
  3391 | D:1      | XOM: give mutations
  3391 | D:1      | Gained mutation: You are robust. (+10% HP) [Xom's mischief]
  3391 | D:1      | Gained mutation: One of your tentacles bears a spike.
                  | [Xom's mischief]
  3554 | D:1      | XOM: give mutations
  3554 | D:1      | Gained mutation: You are strong-willed. (Will+) [Xom's
                  | grace]
  3554 | D:1      | Gained mutation: One of your tentacles bears a nasty spike.
                  | [Xom's grace]
  3554 | D:1      | Gained mutation: Your natural rate of healing is unusually
                  | fast. [Xom's grace]
  3554 | D:1      | Gained mutation: You are highly strong-willed. (Will++)
                  | [Xom's grace]
  4104 | D:1      | XOM: scenery: create altars
  4259 | D:1      | XOM: god gift: clear potion {god gift}
  4494 | D:1      | XOM: scenery: summon butterflies
  4963 | D:1      | XOM: scenery: create altars
  5461 | D:1      | XOM: torment (13/23 hp)
  5783 | D:1      | XOM: summons 2 hostile demons
  5784 | D:1      | Noticed a red devil
  6556 | D:1      | XOM: summons 2 hostile demons
  6557 | D:1      | Noticed a chaos spawn
  6883 | D:2      | XOM: give mutations
  6883 | D:2      | Gained mutation: Your body sometimes deteriorates upon
                  | taking damage. [Xom's mischief]
  6883 | D:2      | Gained mutation: Your spells are a little easier to cast,
                  | but a little less powerful. [Xom's mischief]
  7508 | D:1      | XOM: give mutation
  7508 | D:1      | Gained mutation: Your skin blends seamlessly with your
                  | surroundings (Stealth++). [Xom's grace]
  7858 | D:1      | XOM: god gift: wooden wand {god gift}
  8099 | D:1      | XOM is BORED!
  8099 | D:1      | XOM: summons 1 hostile demon
  8282 | D:2      | XOM: 1-stop teleportation journey
  8321 | D:2      | XOM: scenery: summon butterflies
  8337 | D:2      | Reached XP level 3. HP: 28/28 MP: 3/3
  8442 | D:1      | XOM: god gift: +2 hat
  9286 | D:1      | XOM: give mutations
  9286 | D:1      | Gained mutation: One of your tentacles bears a large
                  | vicious spike. [Xom's grace]
  9286 | D:1      | Gained mutation: You heal very quickly. [Xom's grace]
  9887 | D:2      | Reached skill level 1 in Stealth
  9938 | D:2      | Found Zuguh's Jewellery Shop.
  9978 | D:2      | Found a white marble altar of Elyvilon.
 10089 | D:3      | Reached skill level 2 in Stealth
 10094 | D:3      | XOM: 2-stop teleportation journey
 10095 | D:3      | Noticed Natasha
 10099 | D:3      | XOM: summons 3 friendly demons
 10101 | D:3      | Killed Natasha
 10102 | D:3      | Reached skill level 3 in Stealth
 10102 | D:3      | Reached XP level 4. HP: 30/34 MP: 4/4
 10336 | D:3      | XOM: give mutation
 10336 | D:3      | Gained mutation: You are very robust. (+20% HP) [Xom's
                  | grace]
 10375 | D:3      | Found a radiant altar of Vehumet.
 10377 | D:3      | Found a snail-covered altar of Cheibriados.
 10473 | D:3      | Noticed Natasha
 10489 | D:3      | Noticed Terence
 10498 | D:3      | Killed Terence
 10590 | D:3      | Reached XP level 5. HP: 42/43 MP: 5/5
 10596 | D:3      | Natasha changed into Natasha the steam dragon
 10596 | D:3      | Noticed Natasha
 10596 | D:3      | XOM: polymorph Natasha -> Natasha the steam dragon
 10619 | D:4      | Noticed Robin
 10623 | D:4      | Reached skill level 4 in Stealth
 10629 | D:4      | Killed Robin
 10661 | D:4      | Noticed an ogre
 10675 | D:4      | Killed an ogre
 10676 | D:4      | Reached skill level 5 in Stealth
 10676 | D:4      | Reached XP level 6. HP: 50/50 MP: 6/6
 10711 | D:4      | Found a burning altar of Makhleb.
 10716 | D:4      | XOM: summons friendly white imp
 10797 | D:4      | XOM: divination: detect items
 10804 | D:4      | XOM: polymorph white imp -> iron imp
 10861 | D:4      | Found a blossoming altar of Fedhas.
 10902 | D:4      | XOM: god gift: fizzy golden potion {god gift}
 10952 | D:4      | Found a shimmering altar of Xom.
 10995 | D:4      | XOM: divination: detect creatures
 11052 | D:4      | XOM: give mutations
 11052 | D:4      | Gained mutation: You passively map a small area around you.
                  | [Xom's grace]
 11052 | D:4      | Gained mutation: You are extremely strong-willed. (Will+++)
                  | [Xom's grace]
 11052 | D:4      | Gained mutation: You are extremely robust. (+30% HP) [Xom's
                  | grace]
 11261 | D:4      | XOM: god gift: 2 javelins
 11332 | D:5      | Entered Level 5 of the Dungeon
 11340 | D:5      | Reached skill level 6 in Stealth
 11343 | D:5      | Found a staircase to the Ecumenical Temple.
 11362 | D:5      | Reached skill level 5 in Short Blades
 11369 | D:5      | Reached XP level 7. HP: 61/61 MP: 7/7
 11399 | D:5      | Found a broken altar of Ashenzari.
 11399 | D:5      | Found a stormy altar of Qazlal.
 11593 | D:5      | XOM: summons 4 friendly demons
 11597 | D:5      | Reached skill level 7 in Stealth
 11597 | D:5      | Reached skill level 1 in Shields
 11658 | D:5      | XOM is BORED!
 11658 | D:5      | XOM: torment (32/62 hp)
 11857 | D:5      | Found an ancient bone altar of Kikubaaqudgha.
 12017 | D:6      | Noticed a wyvern
 12022 | D:6      | Killed a wyvern
 12023 | D:6      | Reached skill level 8 in Stealth
 12023 | D:6      | Reached XP level 8. HP: 70/70 MP: 8/8
 12026 | D:6      | Found a hide-covered altar of Uskayaw.
 12178 | D:6      | Reached skill level 9 in Stealth
 12190 | D:6      | XOM: give mutation
 12190 | D:6      | Gained mutation: Your mind is acute. (Int +4, Str/Dex -1)
                  | [Xom's grace]
 12300 | D:6      | XOM: scenery: 1 doors open
 12306 | D:6      | XOM: divination: detect items
 12359 | D:6      | Reached skill level 10 in Stealth
 12379 | D:6      | XOM: give mutations
 12379 | D:6      | Gained mutation: You have an increased reservoir of magic.
                  | (+10% MP) [Xom's grace]
 12379 | D:6      | Gained mutation: Your system is resistant to poisons.
                  | (rPois) [Xom's grace]
 12379 | D:6      | Gained mutation: Your mind is very acute. (Int +8, Str/Dex
                  | -2) [Xom's grace]
 12379 | D:6      | Gained mutation: You expend magic power (3 MP) to
                  | strengthen your wands. [Xom's grace]
 12390 | D:6      | XOM: 1-stop teleportation journey
 12511 | D:6      | XOM: cast spell 'Summon Mana Viper'
 12517 | D:6      | Reached XP level 9. HP: 43/76 MP: 9/9
 12573 | D:6      | XOM: give mutations
 12573 | D:6      | Lost mutation: You have an increased reservoir of magic.
                  | (+10% MP) [Xom's mischief]
 12573 | D:6      | Lost mutation: Your mind is very acute. (Int +8, Str/Dex
                  | -2) [Xom's mischief]
 12573 | D:6      | Lost mutation: You heal very quickly. [Xom's mischief]
 12573 | D:6      | Lost mutation: One of your tentacles bears a large vicious
                  | spike. [Xom's mischief]
 12622 | D:7      | XOM: potion effect (haste)
 12665 | D:7      | Reached skill level 11 in Stealth
 12673 | D:7      | XOM: summons friendly quasit
 12816 | D:7      | XOM: god gift: wand of light (5)
 12817 | D:7      | XOM: confuse monster(s)
 12955 | D:7      | Found an ornate altar of the Wu Jian Council.
 12997 | D:7      | Reached skill level 1 in Evocations
 13048 | D:7      | XOM: confusion (+ monsters)
 13052 | D:7      | Reached skill level 5 in Fighting
 13052 | D:7      | Reached skill level 5 in Dodging
 13064 | D:7      | XOM: cast spell 'Discord'
 13113 | D:7      | Found an opulent altar of Gozag.
 13267 | D:8      | Reached skill level 12 in Stealth
 13279 | D:8      | Found a sand-covered staircase.
 13308 | Ossuary  | Entered an ossuary
 13434 | Ossuary  | XOM: enchant monster (bad)
 13451 | Ossuary  | XOM: noise
 13471 | Ossuary  | Reached XP level 10. HP: 26/85 MP: 10/10
 13721 | D:8      | XOM: summons 4 hostile demons
 13875 | D:8      | You fall into a shaft and drop 1 floor!
 13879 | D:9      | XOM: give mutation
 13879 | D:9      | Lost mutation: You are extremely strong-willed. (Will+++)
                  | [Xom's mischief]
 13961 | D:8      | XOM: god gift: plate armour {god gift}
 14025 | D:8      | XOM: stat loss: -1 Dex (13/14)
 14154 | D:8      | XOM: give mutation
 14154 | D:8      | Lost mutation: Your skin blends seamlessly with your
                  | surroundings (Stealth++). [Xom's mischief]
 14596 | D:8      | Reached skill level 13 in Stealth
 14867 | D:8      | XOM: confusion (+ monsters)
 14874 | D:8      | XOM: torment (45/88 hp)
 14965 | D:8      | Noticed a manticore
 14965 | D:8      | Noticed a two-headed ogre
 14968 | D:8      | Killed a manticore
 14973 | D:8      | XOM: enchant monster (bad)
 14980 | D:8      | Killed a two-headed ogre
 14981 | D:8      | Reached skill level 5 in Evocations
 14981 | D:8      | Reached XP level 11. HP: 40/93 MP: 11/11
 15181 | D:9      | Noticed Maggie
 15195 | D:9      | Killed Maggie
 15205 | D:9      | Reached skill level 5 in Shields
 15307 | D:9      | XOM: give mutation
 15307 | D:9      | Lost mutation: You passively map a small area around you.
                  | [Xom's mischief]
 15408 | D:9      | XOM: enchant monster (bad)
 15412 | D:9      | XOM: smoke on damage
 15687 | D:9      | Found a shadowy altar of Dithmenos.
 15792 | D:9      | Found a bloodstained altar of Trog.
 16100 | D:9      | Found a glowing golden altar of the Shining One.
 16303 | D:9      | XOM: divination: detect creatures
 16316 | D:10     | Entered Level 10 of the Dungeon
 16326 | D:10     | Noticed Maurice
 16380 | D:9      | XOM is BORED!
 16380 | D:9      | XOM: silly message
 16595 | D:10     | Killed Maurice
 16735 | D:10     | Noticed Harold
 16739 | D:10     | XOM: cast spell 'Cause Fear'
 16752 | D:10     | Killed Harold
 16762 | D:10     | Noticed Lodul
 16764 | D:10     | Killed Lodul
 16765 | D:10     | XOM is BORED!
 16765 | D:10     | XOM: chaos upgrade
 16843 | D:10     | XOM: enchant monster (good)
 16938 | D:10     | XOM: 1-stop teleportation journey
 16970 | D:10     | Noticed Erolcha
 16972 | D:10     | Found a white marble altar of Elyvilon.
 16981 | D:10     | XOM: cast spell 'Summon Ice Beast'
 17208 | D:10     | Noticed Erolcha
 17208 | D:10     | XOM: polymorph something unseen -> Erolcha the tengu
 17209 | D:10     | Killed Erolcha the tengu
 17359 | D:10     | Found a staircase to the Lair.
 17420 | D:10     | XOM: draining
 17569 | D:10     | Found a staircase to the Orcish Mines.
 17626 | Lair:1   | Entered Level 1 of the Lair of Beasts
 17735 | Lair:1   | You fall into a shaft and drop 1 floor!
 17778 | Lair:2   | Found a gate leading to a gauntlet.
 17791 | Gauntlet | Entered a Gauntlet
 17791 | Gauntlet | Found a transporter.
 17796 | Gauntlet | Found a transporter.
 17797 | Gauntlet | Found a transporter.
 17804 | Gauntlet | XOM: silly message
 17807 | Gauntlet | Found a runed translucent gate.
 17807 | Gauntlet | Found a runed translucent gate.
 17810 | Gauntlet | Found a runed translucent gate.
 17810 | Gauntlet | Found a transporter.
 17812 | Gauntlet | Found a transporter.
 17815 | Gauntlet | Noticed a balrug
 17816 | Gauntlet | Noticed a green death
 17821 | Gauntlet | Found a transporter.
 17838 | Gauntlet | Found a transporter.
 17850 | Gauntlet | Found a transporter.
 17857 | Gauntlet | Noticed a red ugly thing
 17858 | Gauntlet | Found a runed translucent door.
 17860 | Gauntlet | Found a transporter.
 17861 | Gauntlet | Noticed a glowing orange brain
 17862 | Gauntlet | Found a runed translucent door.
 17863 | Gauntlet | Noticed a glowing orange brain
 17870 | Gauntlet | Found a transporter.
 17870 | Gauntlet | Found a transporter.
 17872 | Gauntlet | Found a transporter.
 17912 | Gauntlet | Found a transporter.
 17915 | Gauntlet | Noticed a wizard
 18059 | Gauntlet | Killed a wizard
 18149 | Gauntlet | XOM: polymorph red ugly thing -> cyan ugly thing
 18156 | Gauntlet | Killed a cyan ugly thing
 18157 | Gauntlet | Reached XP level 12. HP: 100/103 MP: 12/12
 18165 | Gauntlet | XOM: confusion
 18169 | Gauntlet | XOM: scenery: 1 doors open, 1 doors close
 18170 | Gauntlet | XOM: scenery: 1 doors open, 1 doors close
 18221 | Gauntlet | Noticed a minotaur
 18235 | Gauntlet | Killed a minotaur
 18402 | Lair:2   | Noticed Gastronok
 18413 | Lair:2   | Gastronok changed into Gastronok the shapeshifter
 18413 | Lair:2   | XOM: polymorph Gastronok -> Gastronok the shapeshifter
 18647 | Lair:2   | XOM: 7-stop teleportation journey
 18668 | Lair:2   | Found a staircase to the Snake Pit.
 18670 | Lair:2   | XOM: stat loss: -1 Str (22/23)
 18692 | Lair:2   | Reached skill level 10 in Short Blades
 18745 | Lair:2   | XOM: give mutations
 18745 | Lair:2   | Gained mutation: Your flesh is heat resistant. (rF+) [Xom's
                  | grace]
 18745 | Lair:2   | Gained mutation: Your flesh is very heat resistant. (rF++)
                  | [Xom's grace]
 18818 | Lair:2   | XOM: summons friendly quasit
 18828 | Lair:2   | XOM: potion effect (haste)
 18835 | Lair:2   | XOM: noise
 18837 | Lair:2   | Reached skill level 1 in Shapeshifting
 19135 | Lair:2   | XOM: silly message
 19319 | Lair:3   | XOM: silly message
 19320 | Lair:3   | XOM: cast spell 'Olgreb's Toxic Radiance'
 19400 | Lair:3   | XOM: scenery: create altars
 19402 | Lair:3   | XOM: summons friendly smoke demon
 19409 | Lair:3   | Noticed a ghost crab
 19412 | Lair:3   | XOM: divination: detect creatures
 19428 | Lair:3   | Killed a ghost crab
 19429 | Lair:3   | HP: 1/109 [something (10)]
 19438 | Lair:3   | XOM: destruction
 19440 | Lair:3   | HP: 4/109 [spectral black mamba (12)]
 19443 | Lair:3   | XOM: fog
 19455 | Lair:3   | XOM: polymorph yak -> hornet
 19507 | Lair:2   | XOM: cloud trail
 19556 | Lair:3   | XOM: enchant monster (good)
 19569 | Lair:3   | XOM: destruction
 19580 | Lair:3   | XOM: cast spell 'Cause Fear'
 19743 | Lair:3   | Identified a scroll of acquirement
 19743 | Lair:3   | Acquired the +0 mask of the Dragon {Will+ Slay+3 SInv}
 19743 | Lair:3   | Found the +0 mask of the Dragon {Will+ Slay+3 SInv}
 19812 | Lair:3   | Reached XP level 13. HP: 105/115 MP: 13/13
 20015 | Lair:3   | Found a staircase to the Swamp.
 20687 | Lair:4   | Mangled by a catoblepas

Illustrated notes

Levels and vault maps discovered:
D:1:      scummos_arrival_star, layout_basic
D:2:      layout_basic, serial_shops, nicolae_shop_stone, minmay_hexomino_r4
D:3:      layout_basic, jmf_multi_god_temple, uniq_natasha, uniq_terence
D:4:      layout_loops_ring, makhleb_heckhound_becter, fedhas_altar_fruit_tree,
          overflow_temple_1_default, fountainhead,
          chequers_serial_rivers_room_b, uniq_robin
D:5:      layout_loops_ring, nicolae_overflow_two_pavilions,
          lemuel_zombie_altar_kikubaaqudgha, minmay_temple_entry_butterflies
D:6:      layout_rooms, mainiacjoe_overflow_cross_hatched,
          minmay_fractal_squares_diagonal_5
D:7:      layout_rooms, mainiacjoe_overflow_brackets, nzn_wu_jian_contemplation
D:8:      kennysheep_windowed_halls, layout_loops_ring,
          nicolae_ossuary_entry_catacombs, nrook_mini_vaults, patterned_corridor
D:9:      layout_roguey, tso_altar, nicolae_overflow_hidden_temple,
          nicolae_dithmenos_the_darkroom, serial_glass, glass_columns_a,
          glass_columns_b, chequers_serial_rivers_small_a, nrook_campfire,
          minmay_misc_feat_enclosed, uniq_maggie
D:10:     layout_basic, elyvilon_altar_5, orc_0_dummy, uniq_erolcha,
          uniq_harold, uniq_maurice, uniq_lodul
Lair:1:   layout_long_grid, lemuel_fruit_tree
Lair:2:   layout_chaotic_city, nicolae_snake_entry_warm_welcome,
          gauntlet_entry_generic, minivault_11, uniq_gastronok
Lair:3:   layout_loops_ring, nicolae_swamp_entry_spooky
Lair:4:   layout_long_grid, evilmike_ambush [evilmike_ambush_outer_pillars,
          evilmike_ambush_inner_basic], serial_bayou_shore_a

Skill      XL: |  1  2  3  4  5  6  7  8  9 10 11 12 13 |
---------------+----------------------------------------+-----
Stealth        | 3 5 6 8 10 12 13 | 13.9
Short Blades   | 4 5 6 7 8 9 10 | 10.5
Dodging        | 3 4 5 6 7 8 9 |  9.0
Fighting       | 4 5 6 7 8 |  8.7
Shields        | 1 2 4 6 8 |  8.8
Evocations     | 2 5 7 |  7.9
Shapeshifting  | 2 3 |  3.3

Action                     |  1- 3 |  4- 6 |  7- 9 | 10-12 | 13-15 || total
---------------------------+-------+-------+-------+-------+-------++-------
  Melee: Short sword       |    47 |    98 |   258 |   360 |    52 ||   815
         Constrict         |    14 |    19 |    63 |    65 |     3 ||   164
         Tentacles         |    10 |    14 |    85 |   203 |    16 ||   328
         Kick              |     5 |    36 |   115 |   339 |    30 ||   525
         Punch             |       |     1 |     4 |    19 |     1 ||    25
         Dagger            |       |       |       |   297 |       ||   297
  Evoke: Wand              |       |       |       |     8 |     3 ||    11
         Tin of tremorston |       |       |       |     1 |       ||     1
    Use: Potion            |     1 |     1 |       |     4 |       ||     6
         Scroll            |     6 |       |    11 |    14 |       ||    31
   Stab: Sleeping          |    10 |    17 |    23 |    22 |     1 ||    73
         Paralysed         |     1 |       |       |       |     2 ||     3
         Distracted        |       |     3 |     1 |     9 |       ||    13
         Confused          |       |       |     4 |     1 |       ||     5
         Invisible         |       |       |       |     2 |       ||     2
         Petrifying        |       |       |       |     1 |       ||     1
 Armour: Skin              |     2 |     6 |    22 |    30 |       ||    60
  Dodge: Dodged            |    14 |    25 |    81 |   178 |     7 ||   305
  Block: Buckler           |     4 |    15 |    14 |       |       ||    33
         Kite shield       |       |       |    48 |   264 |    14 ||   326

Table legend: (Time is in decaauts)
 A = Elapsed time spent in this place.
 B = Non-inter-level travel time spent in this place.
 C = Inter-level travel time spent in this place.
 D = Time resting spent in this place.
 E = Time spent auto-exploring this place.
 F = Levels seen in this place.
 G = Mean time per level.
                   A        B        C        D        E       F      G
               +--------+--------+--------+--------+--------+-----+--------+
         Total |  20282 |  19884 |    398 |   9955 |   7208 |  16 | 1267.6 |
       Dungeon |  17008 |  16667 |    341 |   9611 |   5348 |  10 | 1700.8 |
          Lair |   2440 |   2383 |     57 |    168 |   1704 |   4 |  610.0 |
       Ossuary |    371 |    371 |      0 |     49 |    119 |   1 |  371.0 |
      Gauntlet |    462 |    462 |      0 |    127 |     37 |   1 |  462.0 |
               +--------+--------+--------+--------+--------+-----+--------+

Top non-repeatable levels by time:
     D:1: 9015 daAuts
     D:9: 1540 daAuts
     D:8: 1446 daAuts
     D:2: 1067 daAuts
  Lair:2: 967 daAuts
  Lair:3: 911 daAuts
    D:10: 883 daAuts
     D:4: 693 daAuts
     D:6: 667 daAuts
     D:5: 591 daAuts
     D:7: 587 daAuts
     D:3: 517 daAuts
Gauntlet: 462 daAuts
  Lair:4: 457 daAuts
 Ossuary: 371 daAuts
